Map: Usina Ácida LE

Players

IagoAbreu - Winner!

  • Race: Zerg Zerg
  • League: Gold
  • Spawn Location: 11:00

caballeroXd

  • Race: Zerg Zerg
  • League: Gold
  • Spawn Location: 5:00

VOD

Have the link to the VOD?

Description

Time

  • Played on: May 13, 2018, 2:43 p.m.
  • Length: 21:27
Show
View Real Time Build Order
Export as new Build Order

IagoAbreu Zerg - Winner!

Build Orders: Hatch First 

Get SALT Encoding   

  12  0:01  Drone  
  13  0:15  Overlord  
  13  0:20  Drone  
  14  0:24  Extractor  
  14  0:26  Drone  
  14  0:34  Drone  
  15  0:43  Drone  
  16  1:07  Hatchery  
  15  1:18  Spawning Pool  
  15  1:23  Drone x2  
  16  1:25  Drone  
  17  1:55  Evolution Chamber  
  17  2:01  Drone x3  
  19  2:21  Zergling x2  
  19  2:48  Zergling x6  
  22  2:53  Hatchery, Zerg Missile Weapons Level 1  
  14  3:17  Drone x2  
  16  3:21  Drone  
  17  3:31  Queen  
  17  3:33  Zergling x2  
  18  3:45  Zergling x2, Roach Warren  
  18  4:00  Zergling x2  
  19  4:05  Queen  
  21  4:11  Extractor  
  20  4:27  Drone  
  20  4:28  Drone x2  
  20  4:30  Drone x3  
  26  4:45  Roach x2  
  27  4:56  Roach  
  25  5:14  Queen  
  27  5:24  Drone  
  27  5:25  Overlord  
  27  5:28  Overlord  
  28  5:48  Roach x3  
  34  6:07  Roach x3  
  40  6:20  Drone  
  40  6:21  Drone x2  
  40  6:23  Drone  
  44  6:25  Overlord  
  44  6:43  Zerg Ground Armor Level 1  
  44  6:45  Overlord  
  44  6:58  Lair  
  44  7:07  Roach x3  
  50  7:30  Ravager  
  50  7:31  Ravager x4  
  50  7:37  Roach x2  
  59  7:38  Overlord x3  
  59  7:55  Drone  
  59  7:57  Drone x2  
  59  7:58  Drone x3  
  65  8:08  Overseer  
  65  8:09  Overseer  
  65  8:10  Overseer  
  65  8:20  Queen  
  67  8:29  Hatchery  
  67  8:33  Hydralisk Den  
  66  8:34  Drone  
  66  8:35  Drone x2  
  66  8:36  Drone  
  70  8:45  Spine Crawler  
  69  8:48  Spine Crawler  
  68  9:15  Overlord x2  
  68  9:16  Overlord  
  68  10:02  Extractor  
  68  10:03  Extractor  
  66  10:09  Roach x7  
  66  10:10  Roach x6  
  66  10:12  Overlord  
  66  10:13  Overlord  
  92  10:16  Hatchery  
  91  10:25  Drone  
  91  10:26  Overlord x2  
  59  11:17  Roach x6  
  59  11:18  Roach x3  
  67  11:19  Roach  
  65  11:32  Queen  
  63  12:10  Drone  
  63  12:11  Drone x2  
  63  12:12  Overseer  
  70  12:15  Roach x2  
  70  12:16  Roach x5  
  70  12:22  Drone x2  
  82  12:48  Hydralisk x2  
  82  12:49  Hydralisk x2  
  82  12:50  Hydralisk  
  92  12:53  Drone  
  93  13:11  Overseer  
  93  13:13  Overseer  
  93  13:24  Zerg Missile Weapons Level 2  
  93  13:32  Tunneling Claws  
  93  14:08  Roach x2  
  93  14:09  Roach x7  
  111  14:12  Drone x2  
  111  14:13  Drone x6  
  119  14:21  Roach x4  
  127  15:09  Glial Reconstitution  
  127  15:13  Muscular Augments  
  127  15:18  Burrow  
  101  15:30  Roach x6  
  101  15:31  Roach x7  
  101  15:32  Roach x7  
  101  15:33  Roach  
  89  16:05  Roach  
  89  16:06  Roach x10  
  89  16:07  Roach  
  113  16:44  Infestation Pit  
  112  17:07  Roach x31  
  112  17:29  Roach x3  
  104  17:30  Roach x7  
  104  17:31  Roach x8  
  104  17:32  Roach  
  104  17:33  Overlord x2  
  130  17:49  Spore Crawler  
  129  17:51  Spore Crawler  
  128  18:24  Overlord x5  
  128  18:25  Overlord  
  146  18:29  Hive  
  146  18:40  Roach x42  
  146  18:50  Extractor  
  146  18:54  Extractor  
  144  19:14  Roach x4  
  144  19:15  Roach x8  
  144  19:16  Roach x5  
  149  19:38  Roach x41, Hatchery  
  110  19:49  Roach Warren  
  101  20:26  Ravager x2  
  101  20:27  Ravager x7  
  101  20:28  Ravager x2  
  42  21:06  Roach x4  
  42  21:07  Roach x8  
Show
View Real Time Build Order
Export as new Build Order

caballeroXd Zerg 

Build Orders: Pool First 

Get SALT Encoding   

  12  0:14  Drone x2  
  14  0:27  Spawning Pool  
  13  0:33  Extractor  
  13  0:34  Drone  
  13  0:39  Drone  
  14  0:49  Overlord  
  14  1:10  Extractor  
  13  1:14  Queen  
  13  1:16  Zergling x6  
  18  1:31  Spine Crawler  
  18  1:44  Spine Crawler  
  18  1:49  Drone x2  
  21  2:18  Spine Crawler  
  19  2:39  Zergling x4  
  19  2:42  Overlord x3  
  21  3:05  Hatchery  
  20  3:21  Drone x3  
  20  3:23  Metabolic Boost  
  23  3:27  Evolution Chamber  
  19  3:42  Zergling x4  
  19  3:43  Zergling x2  
  22  3:53  Zerg Melee Weapons Level 1  
  22  3:55  Queen  
  24  4:18  Baneling Nest  
  24  4:22  Queen  
  24  4:24  Drone  
  26  4:30  Drone  
  26  4:31  Drone x2  
  26  4:59  Drone x3  
  28  5:12  Lair  
  28  5:15  Zergling x4  
  28  5:16  Zergling x6  
  28  5:19  Drone  
  34  5:22  Pneumatized Carapace  
  34  5:26  Drone  
  35  5:29  Drone  
  36  5:41  Drone  
  36  5:42  Drone x4  
  37  6:12  Zergling x4  
  37  6:15  Zergling x2  
  37  6:16  Zergling x12  
  46  6:30  Zerg Ground Armor Level 1  
  46  6:35  Evolution Chamber  
  46  6:38  Hydralisk Den  
  44  6:45  Extractor  
  43  6:48  Drone x3  
  46  6:57  Overseer  
  46  7:01  Drone x6  
  52  7:04  Extractor  
  52  7:06  Queen, Extractor  
  52  7:07  Overlord x2  
  52  7:10  Zerg Missile Weapons Level 1  
  52  7:14  Overseer  
  52  7:27  Overseer  
  52  7:36  Hydralisk x3  
  58  7:59  Hydralisk  
  58  8:00  Hydralisk  
  58  8:05  Hydralisk  
  64  8:27  Hydralisk x2  
  64  8:30  Overlord x2  
  64  8:31  Overlord x2  
  68  8:41  Zerg Ground Armor Level 2  
  68  8:51  Muscular Augments  
  68  9:07  Drone x6  
  74  9:29  Hydralisk  
  74  9:30  Hydralisk x3  
  74  9:31  Overseer  
  82  9:33  Hatchery  
  78  10:06  Zergling x2  
  81  10:07  Zergling x26  
  92  10:40  Hydralisk x4  
  100  10:47  Overlord x4  
  65  11:36  Zergling x18  
  74  11:40  Hydralisk x9  
  92  11:47  Queen  
  92  11:48  Drone  
  92  11:49  Drone x2  
  91  12:16  Zerg Missile Weapons Level 2  
  91  12:17  Zerg Melee Weapons Level 2  
  91  12:23  Queen  
  91  12:26  Spire  
  91  12:29  Infestation Pit  
  91  12:32  Zergling x2  
  91  12:33  Zergling x10  
  97  12:38  Drone  
  97  12:39  Drone x2  
  100  14:03  Zergling x2  
  100  14:04  Zergling x30  
  100  14:07  Hydralisk  
  100  14:08  Hydralisk x10  
  138  14:14  Overlord x5  
  138  14:32  Hydralisk x3  
  138  14:33  Hydralisk x2  
  148  14:53  Hive  
  148  15:03  Drone x6  
  115  16:00  Roach Warren  
  114  16:07  Zergling x2  
  114  16:08  Zergling x28  
  129  16:25  Adrenal Glands  
  129  16:26  Zerg Missile Weapons Level 3  
  129  16:32  Zerg Melee Weapons Level 3  
  129  16:35  Grooved Spines  
  129  16:43  Queen  
  131  16:50  Extractor x2  
  129  17:08  Unknown  
  129  17:11  Viper x3  
  129  17:12  Viper x2  
  134  18:16  Roach  
  134  18:17  Roach x18  
  172  18:38  Zergling x12  
  178  18:43  Overlord x3  
  178  18:44  Overlord x6  
  178  18:45  Overlord  
Tags
 
Add a new tag
Caveats
  • Supply blocks, unpowered buildings, or Contaminate may cause inaccurate times.
  • Supply counts are checked every 10 seconds.